 Dungeon Crawl Stone Soup version 0.30-a0-1018-g25214051b3 (webtiles) character file.

Game seed: 16753447592396380520

133 AstroCodex24 the Trooper (level 4, -3/37 HPs)
             Began as a Demonspawn Fighter on Apr 7, 2023.
             Slain by an orc
             ... wielding a +0 morningstar
              (6 damage)
             ... on level 4 of the Dungeon.
             The game lasted 00:11:34 (2593 turns).

AstroCodex24 the Trooper (Demonspawn Fighter)       Turns: 2593, Time: 00:11:35

Health: -3/37      AC:  4    Str: 16    XL:     4   Next: 93%
Magic:  4/4        EV: 10    Int: 10    God:
Gold:   173        SH:  5    Dex: 20    Spells: 3/3 levels left

rFire   . . .      SeeInvis .    g - +3 whip "Jalupre" {flame, Will+ Dex+3 Stlth+}
rCold   . . .      Faith    .    c - +0 buckler
rNeg    . . .      Spirit   .    x - +1 leather armour "Qerapn" {rElec Str-2 Dex+5}
rPois   .          Reflect  .    (helmet restricted)
rElec   +          Rampage  .    (no cloak)
rCorr   .                        (no gloves)
Will    +....                    (no boots)
Stlth   +++                      (no amulet)
HPRegen 0.26/turn                (no ring)
MPRegen 0.09/turn                (no ring)

@: no status effects
A: hooves 1, horns 1, demonic touch 1
a: no special abilities


You were on level 4 of the Dungeon.
You visited 1 branch of the dungeon, and saw 4 of its levels.

You collected 173 gold pieces.

Inventory:

Hand Weapons
 a - a +0 war axe
 g - the +3 whip "Jalupre" (weapon) {flame, Will+ Dex+3 Stlth+}
   (You found it on level 2 of the Dungeon)

   Dex:       It affects your dexterity (+3).
   Will:      It increases your willpower.
   Stlth:     It makes you more stealthy.
 v - a +2 heavy spear
Armour
 b - a +0 scale mail
 c - a +0 buckler (worn)
 w - a +0 chain mail
 x - the +1 leather armour "Qerapn" (worn) {rElec Str-2 Dex+5}
   (You found it on level 4 of the Dungeon)

   Str:       It affects your strength (-2).
   Dex:       It affects your dexterity (+5).
   rElec:     It insulates you from electricity.
Jewellery
 q - a ring of protection from cold
Scrolls
 f - 2 scrolls of teleportation {unknown}
 i - 3 scrolls of identify {unknown}
 k - a scroll of vulnerability {unknown}
 m - 2 scrolls of fear {unknown}
 o - a scroll of acquirement {unknown}
 p - a scroll of magic mapping {unknown}
 r - a scroll of torment {unknown}
 s - a scroll of silence {unknown}
Potions
 d - a potion of might
 e - a potion of heal wounds {unknown}
 h - 2 potions of flight {unknown}
 j - a potion of brilliance {unknown}
 l - 2 potions of curing {unknown}
 n - a potion of mutation {unknown}
 t - a potion of degeneration {unknown}
 u - a potion of ambrosia {unknown}


   Skills:
 + Level 4.0 Fighting
 + Level 2.0(2.2) Axes
 + Level 0.7(1.4) Maces & Flails
 * Level 1.0(1.6) Polearms
 + Level 3.6 Armour
 + Level 0.1 Dodging
 + Level 0.1 Stealth
 + Level 3.1 Shields
 * Level 0.2 Spellcasting


You had 3 spell levels left.
You didn't know any spells.
Your spell library contained the following spells:

 Spells                   Type           Power      Damage    Failure   Level
 Blink                    Tloc           0%         N/A       67%         2
 Manifold Assault         Tloc           0%         N/A       99%         4
 Storm Form               Tmut/Air       0%         N/A       100%        7


Dungeon Overview and Level Annotations

Branches:
Dungeon (4/15)
 Temple: D:4-7

Altars:
Dithmenos

Shops:
D:1 !


Innate Abilities, Weirdness & Mutations

You have large cloven feet.
You have a pair of small horns on your head.
Your touch may inflict minor irresistible damage on your foes.


Message History

a +0 flail; a +0 ring mail; a scroll labelled TENE ILIUF You barely miss the orc priest.
You kick the orc priest.
The orc priest is lightly wounded.
The orc closely misses you.
The orc priest begins to cast a cantrip, but forgets the words!
You block the orc's attack.
The orc priest calls down the wrath of Beogh upon you.
You resist with some effort.
You hit the orc priest. You burn the orc priest.
You kick the orc priest, but do no damage.
The orc priest is heavily wounded.
You block the orc's attack.
The orc priest hits you but does no damage.
You hit the orc priest. You burn the orc priest. You kick the orc priest.
The orc priest is almost dead.
The orc hits you with a +0 morningstar.
The orc priest begins to cast a cantrip, but forgets the words!
You completely miss the orc priest.
You headbutt the orc priest, but do no damage.
The orc priest is almost dead.
The orc hits you with a +0 morningstar!
The orc priest hits you but does no damage.
You closely miss the orc priest.
You kick the orc priest, but do no damage.
The orc priest is almost dead.
The orc hits you with a +0 morningstar.
* * * LOW HITPOINT WARNING * * *
You block the orc priest's attack.
You hit the orc priest but do no damage.
The orc priest is almost dead.
The orc hits you with a +0 morningstar!
* * * LOW HITPOINT WARNING * * *
The orc priest barely misses you.
You closely miss the orc priest.
The orc priest is almost dead.
You block the orc's attack. You block the orc priest's attack.
You hit the orc priest. You burn the orc priest.
You kill the orc priest!
The orc hits you with a +0 morningstar.
You die...

## #. #. #### ##.
######### #.. ..
..(...)@########.######.
#######o........<.......
##.####........... #.#
#.####...... ######.##
#.###.#.##.. #.......#
#.#..###.#..
...#####.###.#.#. ##..
#.......##.###..
#.............).


You could see an orc.

Vanquished Creatures
  An orc priest (D:4)
  2 adders
  4 gnolls (D:4)
  A worm (D:4)
  2 dart slugs (D:2)
  5 orcs
  5 endoplasms
  A giant cockroach (D:4)
  9 hobgoblins
  4 jackals (D:1)
  3 quokkas (D:1)
  4 ball pythons
  4 bats
  A frilled lizard (D:2)
  4 goblins
  11 kobolds
  2 rats (D:1)
63 creatures vanquished.

Vanquished Creatures (others)
  A plant (D:4)
1 creature vanquished.

Grand Total: 64 creatures vanquished

Notes
Turn   | Place    | Note
-------+----------+-------------------------------------------
     0 | D:1      | AstroCodex24 the Demonspawn Fighter began the quest for the
                  | Orb.
     0 | D:1      | Reached XP level 1. HP: 18/18 MP: 1/1
    86 | D:2      | Identified the +3 whip "Jalupre" {flame, Will+ Dex+3
                  | Stlth+}
   162 | D:2      | Discovered your monstrous ancestry.
   162 | D:2      | Gained mutation: You have a pair of small horns on your
                  | head. [demonic ancestry]
   162 | D:2      | Reached XP level 2. HP: 18/24 MP: 2/2
   455 | D:1      | Found Anue's Distillery.
   514 | D:1      | Gained mutation: Your touch may inflict minor irresistible
                  | damage on your foes. [demonic ancestry]
   514 | D:1      | Reached XP level 3. HP: 29/29 MP: 3/3
  1828 | D:3      | Gained mutation: You have large cloven feet. [demonic
                  | ancestry]
  1828 | D:3      | Reached XP level 4. HP: 37/37 MP: 4/4
  1938 | D:3      | Found a shadowy altar of Dithmenos.
  2436 | D:4      | Reached skill level 4 in Fighting
  2560 | D:4      | Identified the +1 leather armour "Qerapn" {rElec Str-2
                  | Dex+5}
  2585 | D:4      | Reached skill level 1 in Polearms
  2593 | D:4      | Slain by an orc

Illustrated notes

Levels and vault maps discovered:
D:1:      minmay_arrival_semitransparent, layout_basic, serial_shops,
          nicolae_shop_behind_doors, minmay_misc_feat_doors
D:2:      layout_basic, chequers_serial_rivers_micro_a
D:3:      layout_basic, old_standard_altar
D:4:      layout_loops_ring, kennysheep_little_box,
          chequers_serial_rivers_large_a, minmay_misc_feat_four_crosses,
          serial_bayou_lake_a, uniq_sigmund

Skill      XL: |  1  2  3  4 |
---------------+-------------+-----
Armour         | 3 |  3.6
Shields        | 3 |  3.1
Axes           | 2 |  2.0
Fighting       | 4 |  4.0
Polearms       | 1 |  1.0
Maces & Flails | |  0.7
Dodging        | |  0.1
Stealth        | |  0.1
Spellcasting   | |  0.2

Action                     |  1- 3 |  4- 6 || total
---------------------------+-------+-------++-------
  Melee: Whip              |    78 |    40 ||   118
         War axe           |     8 |       ||     8
         Headbutt          |    11 |     6 ||    17
         Kick              |       |    14 ||    14
 Armour: Scale mail        |    53 |     4 ||    57
         Leather armour    |       |     3 ||     3
         Chain mail        |       |     2 ||     2
  Dodge: Dodged            |    29 |    18 ||    47
  Block: Buckler           |    34 |    16 ||    50

Table legend: (Time is in decaauts)
 A = Elapsed time spent in this place.
 B = Non-inter-level travel time spent in this place.
 C = Inter-level travel time spent in this place.
 D = Time resting spent in this place.
 E = Time spent auto-exploring this place.
 F = Levels seen in this place.
 G = Mean time per level.
                   A        B        C        D        E       F      G
               +--------+--------+--------+--------+--------+-----+--------+
         Total |   2607 |   2428 |    179 |      0 |      0 |   4 |  651.8 |
       Dungeon |   2607 |   2428 |    179 |      0 |      0 |   4 |  651.8 |
               +--------+--------+--------+--------+--------+-----+--------+

Top non-repeatable levels by time:
     D:1: 1102 daAuts
     D:2: 746 daAuts
     D:3: 564 daAuts
     D:4: 195 daAuts
